Map: Baalpeak LE

Players

LesGrossman - Winner!

  • Race: Zerg Zerg
  • Spawn Location: 11:00

Snow - Winner!

  • Race: Protoss Protoss
  • Spawn Location: 11:00

Jacaranda - Winner!

  • Race: Terran Terran
  • Spawn Location: 11:00

Wlodziu

  • Race: Zerg Zerg
  • Spawn Location: 5:00

Iceberg

  • Race: Protoss Protoss
  • Spawn Location: 5:00

Leon

  • Race: Zerg Zerg
  • League: Gold
  • Spawn Location: 5:00

VOD

Have the link to the VOD?

Description

Time

  • Played on: March 22, 2026, 6:55 a.m.
  • Length: 12:25
Show
View Real Time Build Order
Export as new Build Order

LesGrossman Zerg - Winner!

Build Orders: Pool First, Lurkers 

Get SALT Encoding   

  12  0:02  Drone  
  13  0:08  Drone  
  14  0:18  Overlord  
  14  0:32  Extractor  
  14  0:33  Drone  
  14  0:34  Extractor, Drone  
  14  0:37  Drone  
  16  0:53  Spawning Pool  
  16  0:54  Drone  
  16  0:58  Drone  
  17  1:29  Hatchery  
  16  1:40  Metabolic Boost  
  16  1:43  Zergling x6  
  19  2:00  Overlord  
  19  2:10  Drone  
  19  2:15  Queen  
  22  2:24  Drone  
  23  2:32  Drone  
  23  2:57  Drone  
  23  2:58  Drone  
  24  3:01  Spine Crawler  
  23  3:05  Spine Crawler  
  23  3:06  Drone x3  
  23  3:07  Drone  
  26  3:20  Baneling Nest, Zergling x2  
  26  3:22  Queen  
  28  3:28  Drone  
  28  3:29  Drone  
  30  3:34  Drone  
  30  3:35  Drone  
  32  3:44  Overlord  
  32  3:45  Drone  
  32  3:46  Drone  
  34  3:52  Drone x2  
  36  4:05  Baneling  
  36  4:06  Baneling x3  
  36  4:11  Zergling x4  
  36  4:14  Zergling x10  
  43  4:26  Lair, Extractor  
  43  4:27  Drone  
  43  4:28  Drone  
  44  4:32  Extractor  
  44  4:33  Extractor  
  44  4:35  Overlord  
  44  4:37  Baneling  
  42  4:41  Drone x2  
  44  4:46  Overlord x2  
  44  4:56  Drone  
  44  4:57  Drone x2  
  47  5:01  Drone  
  47  5:02  Drone x3  
  51  5:09  Drone  
  51  5:10  Roach Warren  
  51  5:18  Drone  
  52  5:23  Drone x2  
  52  5:28  Drone x3  
  57  5:29  Hydralisk Den  
  56  5:40  Drone x2  
  58  5:46  Overlord  
  58  6:11  Hydralisk x6  
  58  6:13  Lurker Den  
  58  6:15  Overseer  
  58  6:18  Hatchery  
  68  6:22  Muscular Augments  
  68  6:28  Overlord x2  
  68  6:43  Evolution Chamber  
  67  6:47  Drone  
  67  6:48  Drone x7  
  75  7:03  Drone  
  75  7:04  Evolution Chamber  
  75  7:05  Drone x5  
  75  7:07  Extractor  
  79  7:10  Extractor  
  79  7:12  Lurker x3  
  79  7:13  Lurker x3  
  84  7:19  Zerg Missile Weapons Level 1  
  84  7:20  Drone x2  
  86  7:26  Grooved Spines  
  86  7:28  Drone x2  
  88  7:30  Queen  
  90  7:39  Drone x5  
  95  7:49  Zerg Ground Armor Level 1  
  95  7:55  Drone, Infestation Pit  
  95  7:56  Drone x3  
  98  8:09  Overlord  
  98  8:10  Overlord x3  
  98  8:15  Hatchery  
  97  8:32  Hive  
  97  8:44  Hydralisk  
  97  8:45  Hydralisk x7  
  97  8:46  Hydralisk  
  114  9:31  Lurker x4  
  115  9:32  Lurker x3  
  115  9:38  Zerg Missile Weapons Level 2  
  121  9:43  Overlord x3  
  121  9:46  Seismic Spines  
  121  9:56  Baneling x3  
  121  9:57  Baneling x9  
  121  10:00  Centrifugal Hooks  
  121  10:03  Zergling x10  
  121  10:04  Zergling x16  
  134  10:10  Hydralisk  
  134  10:11  Hydralisk x4  
  144  10:15  Overseer  
  119  10:43  Adaptive Talons  
  119  10:46  Hydralisk  
  119  10:47  Hydralisk x9  
  119  10:48  Hydralisk x2  
  121  11:01  Hydralisk  
  121  11:02  Hydralisk x2  
  127  11:09  Overseer x2  
  127  11:11  Pneumatized Carapace  
  127  11:20  Hydralisk x3  
  133  11:34  Overlord x2  
  117  11:56  Hydralisk x5  
  117  11:57  Hydralisk x5  
Show
View Real Time Build Order
Export as new Build Order

Snow Protoss - Winner!

Build Orders: Phoenix Opening, Carriers, Mass Phoenix 

Get SALT Encoding   

  1  0:00  Probe  
  12  0:05  Probe  
  14  0:15  Probe  
  15  0:22  Pylon  
  15  0:42  Gateway  
  15  0:44  Probe  
  15  0:48  Assimilator  
  16  0:55  Probe  
  16  0:56  Assimilator  
  17  1:03  Probe  
  18  1:11  Probe  
  19  1:23  Probe  
  20  1:31  Cybernetics Core  
  20  1:35  Probe  
  20  1:36  Pylon  
  21  1:47  Probe  
  22  2:11  Stargate  
  22  2:19  Stargate  
  22  2:28  Shield Battery  
  22  2:50  Phoenix  
  24  3:02  Phoenix  
  26  3:13  Phoenix  
  28  3:28  Phoenix  
  28  3:33  Pylon  
  30  3:45  Pylon  
  30  3:51  Phoenix  
  30  3:55  Pylon  
  32  3:58  Nexus  
  32  4:14  Phoenix  
  32  4:47  Phoenix x2  
  36  4:53  Probe, Fleet Beacon  
  37  5:05  Probe  
  38  5:12  Phoenix  
  40  5:31  Phoenix  
  42  5:36  Probe x2  
  42  5:37  Phoenix  
  42  5:38  Anion Pulse-Crystals  
  46  5:48  Probe x2  
  48  5:50  Assimilator  
  48  5:55  Assimilator  
  48  6:00  Probe x2  
  50  6:12  Probe x2  
  50  6:16  Phoenix  
  52  6:24  Probe  
  52  6:25  Phoenix, Probe  
  58  6:37  Probe x2  
  60  6:49  Probe x2  
  62  7:01  Probe  
  63  7:02  Probe  
  64  7:13  Probe  
  64  7:14  Probe  
  66  7:25  Probe  
  66  7:26  Probe  
  66  7:29  Nexus  
  68  7:37  Probe  
  68  7:38  Probe  
  70  7:49  Probe  
  65  8:15  Pylon  
  65  8:17  Pylon  
  65  8:20  Pylon  
  65  8:21  Pylon  
  65  8:23  Stargate  
  65  8:24  Stargate  
  65  8:27  Stargate  
  65  8:32  Probe, Carrier  
  65  8:33  Probe  
  65  8:34  Carrier  
  73  8:35  Pylon  
  73  8:36  Pylon  
  73  8:38  Pylon  
  73  8:40  Cybernetics Core  
  73  8:41  Protoss Air Weapons Level 1  
  73  8:44  Probe  
  80  8:52  Assimilator  
  80  8:56  Assimilator  
  80  8:57  Probe  
  80  8:58  Probe x2, Forge  
  83  9:31  Carrier  
  83  9:32  Carrier  
  83  9:33  Carrier  
  83  9:41  Carrier  
  107  9:53  Protoss Air Armor Level 1  
  107  10:02  Photon Cannon  
  107  10:03  Photon Cannon  
  107  10:06  Photon Cannon  
  107  10:08  Photon Cannon  
  107  10:09  Shield Battery  
  107  10:11  Shield Battery  
  107  10:19  Carrier  
  113  10:31  Nexus  
  101  11:03  Mothership  
  93  11:18  Void Ray  
  109  11:23  Void Ray x2, Probe x2  
  111  11:27  Pylon  
  111  11:28  Pylon  
  111  11:30  Pylon  
  111  11:35  Probe  
  111  11:36  Probe  
  113  11:43  Void Ray  
  117  11:51  Probe x2  
  119  11:55  Probe  
  119  11:57  Assimilator  
  119  12:00  Assimilator  
  120  12:03  Probe  
Show
View Real Time Build Order
Export as new Build Order

Jacaranda Terran - Winner!

Build Orders:  

Get SALT Encoding   

  12  0:12  Supply Depot  
  12  0:13  SCV  
  13  0:25  SCV  
  14  0:35  Barracks  
  14  0:38  SCV  
  15  0:46  Refinery  
  15  0:52  SCV  
  17  1:04  SCV  
  17  1:19  SCV  
  17  1:21  Barracks  
  17  1:25  Refinery  
  18  1:31  SCV  
  19  1:37  Barracks Reactor  
  19  1:43  SCV  
  20  1:49  Supply Depot  
  20  1:55  SCV  
  21  2:07  SCV  
  22  2:13  Supply Depot  
  22  2:14  Reaper  
  23  2:16  Reaper  
  23  2:19  SCV  
  25  2:25  Barracks Reactor  
  25  2:31  SCV  
  26  2:44  SCV  
  27  2:46  Reaper  
  28  2:59  Reaper  
  28  3:03  Reaper  
  28  3:04  Reaper  
  31  3:07  Orbital Command  
  31  3:09  Supply Depot  
  31  3:18  Reaper  
  32  3:31  Reaper  
  32  3:32  Supply Depot  
  33  3:36  Reaper x2  
  35  3:51  Command Center  
  28  4:48  Factory  
  28  4:51  Factory  
  28  4:57  Supply Depot  
  28  5:07  Barracks  
  28  5:14  SCV  
  29  5:17  Barracks Tech Lab  
  29  5:19  Refinery  
  29  5:21  Supply Depot  
  29  5:23  Marine x2  
  29  5:26  SCV  
  32  5:33  Factory Tech Lab  
  32  5:36  Factory Tech Lab  
  32  5:38  SCV  
  32  5:41  Marine  
  34  5:46  Refinery, SCV  
  34  5:48  Marine  
  36  5:50  SCV, Marauder  
  36  5:54  Combat Shield  
  36  5:59  SCV, Marine  
  36  6:02  Siege Tank, SCV  
  42  6:14  SCV  
  43  6:19  Siege Tank  
  46  6:26  Supply Depot, SCV  
  46  6:28  Marine x2  
  49  6:37  Engineering Bay  
  49  6:38  SCV  
  50  6:45  Mag-Field Accelerator  
  50  6:48  Barracks Tech Lab  
  50  6:49  Marauder  
  50  6:50  SCV  
  50  6:53  Marine x2  
  55  7:02  Siege Tank  
  55  7:03  SCV  
  59  7:15  SCV  
  60  7:20  Siege Tank  
  63  7:25  Armory  
  63  7:27  SCV  
  64  7:30  Terran Infantry Weapons Level 1  
  64  7:34  Siege Tank  
  67  7:39  SCV  
  67  7:40  Starport  
  68  7:45  SCV  
  68  7:47  Marine  
  68  7:48  Marine  
  72  7:51  SCV  
  72  7:57  SCV  
  73  8:03  SCV  
  74  8:09  SCV  
  75  8:15  SCV  
  76  8:22  SCV  
  77  8:27  SCV  
  77  8:34  SCV  
  79  8:47  Command Center  
  79  8:57  Siege Tank  
  79  9:00  Starport Reactor  
  82  9:09  Orbital Command  
  82  9:10  Missile Turret x2  
  82  9:29  Siege Tank  
  82  9:31  Missile Turret  
  85  9:34  Marine  
  85  9:35  Marine x3  
  85  9:38  Medivac x2  
  93  9:58  Siege Tank  
  93  9:59  Marauder x2  
  100  10:01  Supply Depot, Siege Tank  
  103  10:07  Medivac  
  103  10:08  Medivac  
  107  10:20  Marauder  
  109  10:23  Marauder  
  109  10:24  Supply Depot  
  111  10:30  Siege Tank  
  112  10:47  Supply Depot  
  101  11:32  Marine x4  
  105  11:40  Concussive Shells  
  105  11:41  Medivac x2  
  105  11:45  Planetary Fortress  
  109  11:49  Refinery  
  109  11:50  Marine x2  
  109  11:51  Marauder x2  
  109  11:53  Siege Tank  
  122  12:15  Refinery  
Show
View Real Time Build Order
Export as new Build Order

Wlodziu Zerg 

Build Orders: Hatch First 

Get SALT Encoding   

  12  0:03  Drone  
  13  0:15  Drone  
  13  0:19  Extractor, Drone  
  15  0:21  Overlord  
  15  0:40  Drone x2  
  17  0:55  Hatchery  
  17  0:56  Drone  
  17  0:59  Extractor  
  16  1:17  Spawning Pool, Drone  
  16  1:22  Drone  
  17  1:27  Drone  
  18  1:36  Drone  
  19  1:55  Drone  
  19  1:56  Overlord  
  20  2:09  Queen  
  20  2:11  Queen  
  20  2:12  Zergling x4  
  26  2:24  Zergling x2  
  26  2:25  Zergling x4  
  26  2:27  Metabolic Boost  
  29  2:30  Spore Crawler  
  29  2:33  Spine Crawler  
  28  3:02  Drone x6  
  34  3:34  Drone x2  
  35  3:35  Overlord  
  35  3:36  Overlord  
  35  3:40  Lair  
  36  3:43  Roach Warren  
  36  3:45  Extractor  
  34  3:50  Evolution Chamber x2  
  34  3:54  Spore Crawler  
  31  3:58  Spore Crawler  
  28  4:12  Drone  
  28  4:13  Drone x8  
  37  4:26  Roach x3  
  43  4:46  Glial Reconstitution  
  43  4:47  Roach  
  43  4:48  Roach x3  
  51  5:00  Extractor  
  51  5:02  Drone  
  51  5:03  Drone  
  51  5:04  Extractor, Overlord  
  51  5:05  Overlord  
  51  5:12  Zerg Missile Weapons Level 1  
  51  5:17  Drone  
  52  5:41  Drone x8  
  52  5:42  Drone  
  61  5:53  Zerg Ground Armor Level 1  
  61  5:54  Hydralisk Den  
  60  6:02  Drone  
  60  6:03  Drone x6  
  67  6:43  Overlord  
  67  6:44  Overlord x2  
  67  6:46  Muscular Augments  
  67  6:56  Queen  
  67  7:00  Queen  
  67  7:02  Hatchery, Overseer  
  67  7:03  Extractor  
  67  7:07  Extractor  
  62  7:13  Zerg Missile Weapons Level 2  
  62  7:16  Overlord x3  
  62  7:36  Pneumatized Carapace  
  60  7:40  Spore Crawler  
  60  7:41  Hydralisk  
  60  7:42  Hydralisk x9  
  79  7:50  Grooved Spines  
  79  8:48  Overlord x3  
  71  9:21  Hydralisk x9  
  89  9:35  Overseer  
  89  9:36  Overseer x2  
  89  9:54  Spore Crawler  
  89  9:55  Spore Crawler  
  89  9:56  Spore Crawler  
  86  10:02  Drone  
  86  10:03  Drone x3  
  86  10:06  Overlord x4  
  86  10:07  Overlord x3  
  90  10:30  Infestation Pit  
  61  10:58  Hydralisk x16  
  61  10:59  Hydralisk x2  
  85  11:18  Hydralisk x3  
  83  11:19  Hydralisk x2  
  93  11:45  Hydralisk x6  
Show
View Real Time Build Order
Export as new Build Order

Iceberg Protoss 

Build Orders:  

Get SALT Encoding   

  12  0:00  Probe  
  13  0:12  Probe  
  14  0:20  Pylon  
  14  0:24  Probe  
  15  0:34  Probe  
  15  0:42  Probe  
  16  0:46  Gateway  
  17  0:52  Probe  
  18  0:57  Assimilator  
  18  1:04  Probe  
  18  1:09  Pylon  
  19  1:16  Probe  
  20  1:28  Probe  
  21  1:41  Probe  
  22  1:47  Nexus  
  22  1:51  Cybernetics Core  
  22  1:57  Assimilator, Probe  
  23  2:09  Probe  
  23  2:14  Forge  
  24  2:17  Stalker  
  24  2:21  Probe  
  27  2:30  Warp Gate  
  27  2:37  Gateway  
  27  2:39  Probe  
  28  2:52  Photon Cannon  
  28  2:54  Probe  
  28  2:57  Stalker  
  31  3:06  Probe  
  32  3:18  Pylon  
  32  3:20  Probe, Pylon  
  32  3:21  Probe  
  32  3:24  Stalker  
  34  3:32  Probe  
  37  3:36  Probe  
  38  3:44  Photon Cannon, Probe  
  39  3:53  Photon Cannon  
  39  3:59  Probe  
  39  4:00  Probe  
  39  4:01  Photon Cannon  
  41  4:06  Assimilator  
  41  4:10  Assimilator  
  41  4:11  Probe  
  41  4:12  Probe  
  43  4:25  Probe x2  
  45  4:35  Stalker  
  45  4:36  Stalker  
  49  4:45  Probe x2  
  51  4:57  Probe x2  
  51  4:59  Photon Cannon  
  53  5:07  Pylon  
  53  5:09  Probe x2  
  53  5:10  Pylon  
  53  5:12  Twilight Council  
  55  5:21  Stalker, Gateway, Probe x2  
  57  5:23  Gateway  
  57  5:24  Gateway  
  59  5:33  Probe  
  59  5:34  Probe  
  61  5:39  Stalker  
  63  5:45  Probe  
  63  5:46  Probe  
  65  5:55  Nexus  
  65  5:57  Blink  
  65  5:58  Probe x2  
  65  5:59  Pylon  
  66  6:05  Pylon  
  66  6:22  Probe x2  
  68  6:30  Photon Cannon, Protoss Shields Level 1  
  68  6:31  Photon Cannon  
  68  6:34  Probe x2  
  68  6:36  Photon Cannon  
  68  6:39  Photon Cannon  
  70  6:41  Templar Archives  
  70  6:46  Probe  
  70  6:47  Probe  
  72  6:51  Forge  
  72  6:52  Forge  
  69  6:58  Probe  
  69  6:59  Probe  
  71  7:07  Photon Cannon  
  71  7:09  Photon Cannon  
  71  7:12  Photon Cannon  
  71  7:21  Probe  
  71  7:24  Probe x2  
  74  7:36  Probe  
  75  7:39  Stalker  
  75  7:40  Stalker  
  75  7:41  Stalker x3  
  85  7:49  Protoss Ground Weapons Level 1  
  85  7:53  Probe x3, Protoss Ground Armor Level 1  
  85  7:55  Assimilator  
  88  7:58  Charge, Assimilator  
  88  8:10  Dark Shrine  
  88  8:16  Gateway  
  88  8:17  Gateway  
  88  8:18  Probe x3  
  91  8:27  Gateway  
  91  8:31  Protoss Shields Level 2  
  91  8:39  High Templar x3  
  91  8:40  High Templar  
  99  8:48  Robotics Facility  
  99  8:51  Robotics Facility  
  99  8:59  Archon x2  
  99  9:14  High Templar  
  99  9:15  High Templar x2  
  99  9:16  High Templar  
  107  9:17  High Templar  
  107  9:24  Pylon  
  109  9:25  Pylon  
  109  9:26  Pylon  
  109  9:27  Pylon  
  109  9:29  Pylon  
  109  9:31  Pylon  
  109  9:32  Pylon  
  109  9:33  Pylon  
  109  9:49  Nexus  
  109  9:52  Archon x2  
  109  9:53  Pylon  
  109  9:54  High Templar  
  109  9:55  Pylon, High Templar  
  109  9:56  High Templar x2  
  109  9:57  High Templar x2, Pylon  
  109  9:58  High Templar  
  109  9:59  Protoss Ground Weapons Level 2  
  123  10:01  Pylon  
  123  10:04  Pylon  
  123  10:07  Assimilator  
  123  10:11  Assimilator  
  123  10:13  Archon x3  
  123  10:14  Archon  
  123  10:30  Observer x2  
  125  10:38  Gateway  
  125  10:39  Gateway  
  125  10:41  Gateway  
  102  10:44  Gateway, Dark Templar  
  102  10:45  Dark Templar, Gateway  
  102  10:48  Observer x2, Zealot x3, Gateway  
  102  10:49  Zealot x3  
  81  11:06  Observer  
  69  11:11  Zealot x3  
  69  11:12  Zealot x3  
  81  11:24  High Templar  
  81  11:25  High Templar  
  73  11:40  Archon  
  73  11:41  Dark Templar x4  
  73  11:42  Dark Templar  
  73  11:43  Zealot  
  73  11:44  Zealot x4  
  73  11:45  Zealot x2  
  97  12:01  High Templar  
  99  12:03  Zealot  
Show
View Real Time Build Order
Export as new Build Order

Leon Zerg 

Build Orders: Hatch First 

Get SALT Encoding   

  12  0:02  Drone  
  13  0:17  Overlord  
  13  0:21  Drone  
  14  0:35  Drone x2  
  14  0:40  Drone  
  17  0:59  Hatchery  
  16  1:12  Drone  
  16  1:13  Drone  
  16  1:14  Extractor  
  16  1:18  Spawning Pool  
  16  1:19  Drone  
  17  1:28  Drone  
  18  1:38  Drone  
  19  1:44  Drone  
  20  2:08  Roach Warren  
  20  2:11  Queen x2  
  20  2:12  Zergling x4  
  25  2:16  Drone  
  25  2:20  Drone  
  27  2:25  Zergling x2  
  26  2:44  Zergling x2  
  26  2:48  Overlord  
  26  2:52  Roach  
  27  3:02  Extractor  
  27  3:05  Roach  
  28  3:07  Roach x2  
  28  3:08  Roach x2  
  36  3:22  Overlord  
  36  3:38  Overlord  
  36  3:40  Roach  
  36  3:41  Roach x3  
  44  3:51  Overlord x2  
  44  3:56  Spore Crawler  
  44  4:00  Drone  
  44  4:11  Spore Crawler  
  42  4:30  Queen  
  42  4:34  Roach  
  42  4:36  Overlord  
  41  4:46  Lair  
  41  4:48  Drone x4  
  41  4:50  Ravager  
  46  4:57  Drone  
  46  4:58  Drone  
  48  5:00  Drone  
  46  5:28  Drone x4  
  49  5:30  Drone  
  49  5:31  Drone x4  
  55  5:43  Overlord  
  55  5:44  Overlord  
  55  6:05  Overlord x2  
  55  6:10  Spire  
  54  6:16  Spore Crawler  
  53  6:18  Spore Crawler  
  52  6:30  Spore Crawler  
  52  6:31  Drone  
  52  6:32  Drone x6  
  58  6:43  Extractor x2  
  56  6:50  Drone  
  56  6:51  Overseer  
  57  6:56  Pneumatized Carapace  
  57  7:18  Corruptor  
  57  7:19  Corruptor x4  
  67  7:28  Hatchery  
  66  7:54  Corruptor x2  
  70  8:07  Overseer  
  70  8:19  Corruptor  
  72  8:29  Drone  
  72  8:30  Drone x2, Overlord x2  
  72  8:31  Overlord  
  75  8:50  Drone x4  
  75  8:52  Queen  
  75  8:53  Drone  
  75  8:54  Drone x3  
  85  8:58  Corruptor x3  
  91  9:19  Corruptor x2  
  95  9:53  Spore Crawler, Drone x2  
  95  9:54  Drone x6  
  95  9:56  Extractor  
  95  9:57  Drone x6, Extractor  
  106  10:03  Infestation Pit  
  106  10:05  Overlord x3  
  105  10:12  Hatchery  
  104  10:15  Overlord x3  
  104  10:56  Spire x2  
  68  11:20  Mutalisk x10  
  82  11:27  Queen  
  84  11:35  Roach x9  
  84  11:39  Roach  
  104  11:40  Roach x2  
  100  12:03  Roach  
  100  12:04  Roach x12  
Tags
 
Add a new tag
Caveats
  • Supply blocks, unpowered buildings, or Contaminate may cause inaccurate times.
  • Supply counts are checked every 10 seconds.